Map: Catalyst LE

Players

pillOw (Nina) - Winner!

  • Race: Protoss Protoss
  • League: Grandmaster
  • Spawn Location: 5:00

aLive

  • Race: Terran Terran
  • League: Grandmaster
  • Spawn Location: 11:00

Event: Memes & Dreams Invitational

VOD

Have the link to the VOD?

Description

Time

  • Played on: April 13, 2018, 12:43 a.m.
  • Length: 17:10

All games in this series

Show
View Real Time Build Order
Export as new Build Order

pillOw Protoss - Winner!

Build Orders: 1 Gate Expand, Blink Stalkers 

Get SALT Encoding   

  12  0:00  Probe  
  13  0:12  Probe  
  14  0:17  Pylon  
  14  0:24  Probe (Chrono Boost)  
  15  0:37  Probe (Chrono Boost)  
  15  0:38  Gateway  
  16  0:45  Probe (Chrono Boost)  
  16  0:49  Assimilator  
  17  0:51  Probe  
  18  1:03  Probe  
  19  1:15  Probe  
  20  1:26  Nexus  
  20  1:36  Cybernetics Core  
  20  1:40  Probe  
  20  1:44  Assimilator  
  21  1:53  Pylon  
  21  1:54  Probe (Chrono Boost)  
  22  2:06  Probe (Chrono Boost)  
  23  2:12  Adept (Chrono Boost)  
  23  2:14  Probe (Chrono Boost), Warp Gate  
  26  2:20  Probe  
  27  2:28  Twilight Council  
  27  2:32  Probe  
  27  2:35  Stalker (Chrono Boost)  
  30  2:39  Probe  
  31  2:44  Probe  
  31  2:51  Probe  
  33  2:56  Probe  
  34  3:02  Blink (Chrono Boost)  
  34  3:03  Probe  
  35  3:08  Probe  
  36  3:15  Probe  
  36  3:19  Gateway  
  37  3:20  Probe  
  37  3:23  Gateway  
  38  3:27  Probe  
  38  3:31  Robotics Facility  
  38  3:33  Probe  
  40  3:38  Assimilator  
  40  3:40  Probe, Assimilator  
  41  3:46  Probe  
  42  3:49  Pylon  
  42  3:52  Probe  
  43  3:56  Shield Battery  
  43  3:58  Probe  
  43  4:00  Shield Battery  
  43  4:01  Pylon  
  44  4:05  Probe  
  45  4:10  Probe  
  46  4:17  Probe  
  46  4:18  Stalker x2  
  46  4:20  Stalker, Observer  
  47  4:42  Stalker x2  
  50  4:46  Probe, Observer  
  50  4:47  Stalker  
  50  4:48  Probe  
  55  4:55  Forge  
  55  4:58  Probe  
  56  5:00  Probe  
  56  5:03  Robotics Bay  
  57  5:07  Stalker, Observer  
  57  5:11  Probe  
  61  5:17  Probe  
  61  5:25  Pylon, Robotics Facility  
  62  5:29  Protoss Ground Weapons Level 1 (Chrono Boost)  
  62  5:34  Observer (Chrono Boost)  
  62  5:37  Nexus  
  62  5:40  Pylon  
  62  5:49  Stalker x2  
  66  5:55  Disruptor (Chrono Boost)  
  69  6:03  Stalker  
  71  6:06  Gateway  
  71  6:09  Pylon  
  71  6:14  Stalker x2  
  75  6:19  Pylon  
  78  6:29  Disruptor (Chrono Boost)  
  78  6:40  Disruptor (Chrono Boost)  
  78  6:45  Pylon, Nexus  
  81  6:56  Pylon  
  81  6:58  Pylon  
  83  7:03  Disruptor (Chrono Boost)  
  83  7:06  Pylon  
  83  7:07  Observer  
  83  7:13  Disruptor  
  86  7:17  Pylon  
  86  7:20  Stalker x3  
  90  7:32  Probe  
  90  7:33  Probe  
  90  7:36  Observer  
  90  7:37  Stalker  
  95  7:48  Stalker x3  
  95  8:04  Zealot  
  94  8:06  Charge  
  94  8:14  Zealot x3  
  94  8:16  Protoss Ground Armor Level 1 (Chrono Boost)  
  94  8:18  Gateway  
  100  8:20  Gateway  
  100  8:21  Probe x3  
  104  8:29  Observer (Chrono Boost)  
  104  8:33  Probe x3  
  107  8:37  Observer (Chrono Boost)  
  107  8:38  Stalker x2  
  112  8:45  Probe x2  
  112  8:46  Probe  
  115  8:49  Stalker x2  
  119  8:57  Probe x2  
  119  8:58  Probe  
  122  9:04  Disruptor  
  122  9:09  Probe x2  
  127  9:10  Probe  
  128  9:17  Assimilator  
  128  9:18  Pylon, Assimilator  
  128  9:20  Zealot  
  128  9:21  Probe x2  
  128  9:22  Probe, Pylon  
  133  9:25  Pylon  
  133  9:36  Shield Battery  
  133  9:39  Pylon, Disruptor (Chrono Boost)  
  133  9:40  Stalker  
  133  9:44  Pylon  
  133  9:45  Disruptor (Chrono Boost)  
  141  9:53  Observer  
  141  9:54  Probe x2  
  141  9:55  Probe  
  144  10:01  Zealot x4  
  144  10:02  Zealot  
  153  10:09  Zealot  
  153  10:12  Shield Battery  
  155  10:14  Shield Battery  
  155  10:16  Observer (Chrono Boost)  
  155  10:17  Probe, Protoss Ground Armor Level 2 (Chrono Boost)  
  155  10:21  Disruptor (Chrono Boost)  
  157  10:28  Zealot x3  
  157  10:31  Pylon  
  163  10:36  Observer (Chrono Boost)  
  164  10:45  Cybernetics Core  
  164  10:47  Templar Archives  
  164  10:50  Observer  
  164  10:52  Nexus  
  165  11:01  Disruptor  
  168  11:06  Pylon  
  168  11:10  Pylon  
  168  11:13  Psionic Storm  
  168  11:15  Disruptor  
  171  11:22  Stalker x3  
  171  11:23  Stalker  
  179  11:32  Gateway x2  
  179  11:38  Observer  
  168  11:42  High Templar x2  
  172  11:49  High Templar  
  172  11:51  Photon Cannon, Disruptor  
  172  11:53  Photon Cannon  
  173  12:15  Stalker x3  
  166  12:17  Probe x3  
  166  12:18  Probe  
  166  12:21  Stalker x2  
  166  12:22  Stalker  
  174  12:28  Disruptor  
  177  12:38  Stalker x2  
  177  12:39  Stalker  
  181  12:52  Stalker  
  181  12:53  Stalker x2  
  181  12:55  Probe x2  
  189  12:58  Protoss Ground Armor Level 3 (Chrono Boost)  
  183  13:11  Stalker x5  
  144  13:37  Disruptor x2  
  144  13:39  Stalker x7  
  164  13:42  Probe x2  
  164  13:48  Assimilator x2  
  166  13:49  Probe  
  166  13:51  High Templar  
  153  14:08  Stalker x2  
  153  14:09  Stalker x2  
  132  14:25  Stalker x4  
  136  14:38  Probe x2  
  138  14:53  Stalker x3  
  138  14:54  Stalker x5  
  138  14:55  Probe  
  138  14:58  Probe  
  156  15:00  Probe  
  156  15:01  Probe  
  158  15:07  Probe  
  150  15:26  Stalker x3  
  150  15:27  Stalker x5  
  157  15:28  Probe x2  
  151  15:42  Disruptor  
  154  15:51  Disruptor  
  154  15:53  Probe  
  121  16:13  Stalker x3  
  121  16:15  Zealot x2  
  121  16:16  Zealot x3  
  121  16:18  Probe x2, Disruptor (Chrono Boost)  
  138  16:34  Probe, Disruptor (Chrono Boost)  
  138  16:37  Stalker x7  
  153  16:51  Nexus  
Show
View Real Time Build Order
Export as new Build Order

aLive Terran 

Build Orders: Reaper Expand, MMM Bio 

Get SALT Encoding   

  12  0:00  SCV  
  13  0:12  SCV  
  14  0:17  Supply Depot  
  14  0:24  SCV  
  15  0:39  Barracks, SCV  
  16  0:44  Refinery  
  16  0:51  SCV  
  17  1:03  SCV  
  18  1:15  SCV  
  19  1:27  Reaper  
  19  1:28  Orbital Command  
  20  1:46  Command Center  
  20  1:53  SCV  
  21  1:58  Barracks  
  21  2:01  Barracks Reactor  
  21  2:05  SCV  
  22  2:10  Supply Depot  
  22  2:18  Barracks, SCV  
  23  2:31  SCV  
  24  2:37  Marine x2  
  24  2:43  SCV  
  27  2:45  Barracks Tech Lab  
  27  2:46  Refinery  
  27  2:55  Marine x2  
  27  2:56  SCV  
  30  3:04  Concussive Shells  
  30  3:05  Marine, Marauder  
  32  3:06  Orbital Command  
  32  3:09  SCV  
  34  3:15  Marine x2  
  36  3:20  Supply Depot  
  36  3:25  Marine  
  36  3:27  Marauder  
  39  3:28  SCV  
  39  3:33  Marine x2  
  42  3:34  SCV  
  43  3:42  SCV  
  43  3:44  Marine  
  43  3:46  SCV  
  43  3:48  Engineering Bay  
  46  3:54  SCV  
  46  3:55  Marine x3  
  48  3:57  Stimpack  
  48  3:58  SCV  
  48  4:02  Marine  
  52  4:05  Supply Depot  
  52  4:09  SCV  
  53  4:15  Terran Infantry Weapons Level 1  
  53  4:18  Factory  
  53  4:19  SCV  
  54  4:27  SCV  
  55  4:38  Marine x2  
  52  4:39  Barracks Tech Lab  
  52  4:40  SCV x2, Marauder  
  52  4:43  Refinery  
  52  4:44  Refinery  
  52  4:45  Supply Depot  
  55  4:50  Bunker  
  55  4:52  SCV x2  
  57  4:56  Supply Depot  
  56  5:00  Marine x2, Combat Shields  
  56  5:01  Marauder  
  56  5:04  Starport, Factory Reactor  
  60  5:08  SCV x2  
  62  5:16  Marauder  
  63  5:22  SCV  
  63  5:23  SCV  
  63  5:24  Marine x2  
  63  5:25  Marauder  
  69  5:30  Supply Depot  
  69  5:35  SCV x2  
  71  5:38  Marauder  
  73  5:44  Marine x2  
  73  5:46  Marine, Factory Reactor, Medivac  
  78  5:52  Medivac  
  78  5:54  Supply Depot, SCV x2  
  78  5:55  Supply Depot  
  82  5:58  Marine  
  83  6:05  Marine  
  83  6:06  Marine  
  83  6:07  Marine  
  83  6:08  Command Center  
  86  6:12  SCV x2  
  86  6:16  Marine  
  86  6:30  Marine x2  
  86  6:31  Marauder  
  86  6:32  Barracks  
  90  6:33  Medivac x2  
  90  6:35  Barracks, Marauder  
  90  6:36  Terran Infantry Armor Level 1  
  90  6:39  Widow Mine  
  98  6:40  Widow Mine  
  98  6:42  SCV  
  98  6:43  SCV  
  101  6:52  Supply Depot  
  101  6:53  Marine x2  
  102  6:55  Supply Depot  
  102  7:13  SCV x2  
  102  7:14  Marauder x2  
  102  7:15  Supply Depot  
  108  7:18  Supply Depot  
  108  7:19  Marine x2  
  108  7:20  Barracks Tech Lab  
  108  7:21  Barracks Reactor  
  108  7:22  Orbital Command  
  109  7:31  Medivac, Widow Mine  
  109  7:32  Medivac, Widow Mine  
  109  7:34  SCV x2  
  116  7:48  Marine x2  
  116  7:49  Marauder x3  
  112  8:04  Liberator x2  
  102  8:08  Marine x4  
  102  8:10  Armory  
  102  8:11  SCV x3, Engineering Bay  
  109  8:15  Starport  
  109  8:16  Fusion Core  
  109  8:24  SCV, Refinery  
  109  8:25  SCV x2  
  109  8:26  Refinery  
  117  8:37  SCV x3  
  117  8:39  Marine x4  
  124  8:45  Marauder  
  124  8:46  Marauder x2  
  124  8:48  Liberator x2  
  130  8:50  SCV x3  
  133  8:55  Supply Depot  
  133  8:56  Supply Depot  
  133  9:06  Starport Tech Lab  
  135  9:20  Terran Infantry Armor Level 2, Terran Infantry Weapons Level 2  
  135  9:21  Terran Ship Weapons Level 1  
  135  9:22  Command Center  
  135  9:23  Liberator, Advanced Ballistics  
  135  9:31  Liberator x2  
  135  9:33  Barracks  
  135  9:34  Barracks  
  135  9:35  Barracks  
  143  9:54  Supply Depot  
  143  9:55  Supply Depot  
  143  9:57  Supply Depot  
  142  10:03  Marine x4  
  152  10:07  Marauder x3  
  152  10:16  Missile Turret, Liberator x3  
  152  10:20  Supply Depot  
  152  10:25  Marine x4  
  152  10:27  Barracks Tech Lab x2, Barracks Reactor  
  156  10:29  Marauder x3  
  170  11:02  Ghost Academy  
  170  11:05  Liberator x2  
  170  11:07  Marine x6  
  170  11:08  Marauder  
  170  11:09  Marauder x4, Planetary Fortress  
  186  11:23  Refinery  
  186  11:24  Refinery  
  191  11:30  Liberator x2  
  190  11:53  Marine x4  
  200  11:59  Sensor Tower  
  200  12:02  Liberator x2  
  200  12:06  Command Center  
  186  12:13  Liberator x2  
  173  12:16  Ghost  
  173  12:17  Marine x6  
  173  12:19  Marauder x3  
  195  12:38  Terran Ship Weapons Level 2  
  195  12:39  Terran Infantry Weapons Level 3  
  195  12:43  Terran Infantry Armor Level 3  
  191  13:11  Marine x5  
  191  13:12  Marine  
  199  13:13  Marauder  
  190  13:20  Liberator x4  
  162  13:34  Marine x6  
  138  13:35  Marauder x4  
  152  13:57  Marine x6  
  122  14:10  Liberator x4  
  122  14:11  Marauder x4  
  100  14:26  Marine x4  
  100  14:27  Marine  
  115  14:32  Marauder x4  
  123  14:40  Ghost  
  123  14:48  Planetary Fortress  
  105  14:58  Marine x6  
  111  15:00  Marauder  
  111  15:01  Marauder x3  
  119  15:10  Marauder  
  102  15:37  Marine  
  102  15:38  Marine x5  
  102  15:39  Marauder x3  
  102  15:40  Marauder x2  
  67  16:14  Medivac x2  
  67  16:15  Marine x5  
  67  16:16  Marauder x2  
  73  16:38  Orbital Command  
  73  16:45  Marauder x3  
Tags
 
Add a new tag
Caveats
  • Supply blocks, unpowered buildings, or Contaminate may cause inaccurate times.
  • Supply counts are checked every 10 seconds.